 Dungeon Crawl Stone Soup version 0.31-a0-986-g5e6e4ef867 (webtiles) character file.

Game seed: 6100052589705304090

21472 arthad the Thaumaturge (level 12, -8/57 HPs)
             Began as a Deep Elf Earth Elementalist on Nov 18, 2023.
             Was an Elder of Hepliaklqana.
             Shot with an arrow by a centaur warrior (22 damage)
             ... on level 13 of the Dungeon.
             The game lasted 00:46:00 (14346 turns).

arthad the Thaumaturge (DEEE)                      Turns: 14346, Time: 00:46:01

Health: -8/57      AC:  7    Str:  5    XL:     12   Next: 54%
Magic:  27/36      EV: 20    Int: 26    God:    Hepliaklqana [****..]
Gold:   243        SH:  7    Dex: 15    Spells: 15/29 levels left

rFire   . . .        k - staff of conjuration
rCold   . . .        W - +2 buckler
rNeg    + . .        X - +2 robe {Will+}
rPois   .            S - +0 hat {Will+}
rElec   +            G - +0 cloak
rCorr   .            d - +1 pair of gloves of Makhleb's Whim {rElec rN+}
SInv    .            (no boots)
Will    +++..        (no amulet)
Stlth   ++++         C - ring of magical power
HPRegen 0.29/turn    N - +5 ring of evasion
MPRegen 0.25/turn

%: no passive effects
@: no status effects
A: reduced essence
a: Renounce Religion, Recall Ancestor, Ancestor Identity, Transference, Idealise


You were on level 13 of the Dungeon.
You worshipped Hepliaklqana.
Hepliaklqana was greatly pleased with you.
You visited 2 branches of the dungeon, and saw 14 of its levels.

You collected 702 gold pieces.
You spent 459 gold pieces at shops.

Inventory:

Hand Weapons
 e - the +1 broad axe of a Thousand Shrikes {heavy, Will+ Str+3}
   (You found it on level 11 of the Dungeon)

   Str+3:     It affects your strength (+3).
   Will+:     It increases your willpower.
 y - the +3 long sword "arthad's Curse" {heavy, Will+ Stlth+}
   (You took it off a goblin on level 4 of the Dungeon)

   Will+:     It increases your willpower.
   Stlth+:    It makes you more stealthy.
 T - the +8 dagger "Saweatruf" {flame, rPois MP+9 Str+4}
   (You bought it in a shop on level 8 of the Dungeon)

   Str+4:     It affects your strength (+4).
   rPois:     It protects you from poison MP+9: It affects your magic capacity
   (+9).
Missiles
 B - 11 boomerangs
 I - a throwing net
 J - a curare-tipped dart
 O - 30 poisoned darts
Armour
 a - a +0 troll leather armour
 d - the +1 pair of gloves of Makhleb's Whim (worn) {rElec rN+}
   (You found it on level 12 of the Dungeon)

   rElec:     It insulates you from electricity.
   rN+:       It protects you from negative energy.
 G - a +0 cloak (worn)
 L - +0 acid dragon scales
 S - a +0 hat of willpower (worn)
 W - a +2 buckler (worn)
 X - a +2 robe of willpower (worn)
Magical Staves
 k - a staff of conjuration (weapon)
Jewellery
 m - a ring of see invisible
 p - a ring of positive energy
 v - a +4 ring of slaying
 C - a ring of magical power (left hand)
 N - a +5 ring of evasion (right hand)
Wands
 D - a wand of acid (9)
 E - a wand of roots (10)
 M - a wand of mindburst (13)
 R - a wand of paralysis (4)
 U - a wand of flame (35)
Scrolls
 c - 2 scrolls of fog
 f - 4 scrolls of immolation
 h - 2 scrolls of enchant armour
 i - 8 scrolls of teleportation
 j - 3 scrolls of poison
 q - a scroll of blinking
 r - a scroll of brand weapon
 s - 3 scrolls of butterflies
 x - 5 scrolls of amnesia {unknown}
 F - a scroll of revelation {unknown}
 V - 2 scrolls of enchant weapon
Potions
 b - a potion of magic
 g - 4 potions of heal wounds
 n - a potion of resistance {unknown}
 o - a potion of haste {unknown}
 t - 3 potions of might
 u - 2 potions of lignification
 w - 2 potions of mutation
 z - a potion of berserk rage
 A - a potion of enlightenment
 H - 2 potions of cancellation
 P - 5 potions of curing
 Y - 2 potions of brilliance
 Z - a potion of ambrosia {unknown}
Miscellaneous
 l - a condenser vane


   Skills:
 + Level 3.4 Fighting
 + Level 3.4 Armour
 + Level 8.4 Dodging
 + Level 8.9 Stealth
 - Level 5.0 Shields
 + Level 9.2 Spellcasting
 * Level 9.0 Conjurations
 * Level 6.5 Translocations
 + Level 7.1 Transmutations
 + Level 7.9 Earth Magic
 * Level 8.1 Invocations


You had 15 spell levels left.
You knew the following spells:

 Your Spells              Type           Power      Damage    Failure   Level
a - Sandblast             Erth           100%       2d20      1%          1
b - Stone Arrow           Conj/Erth      100%       3d13      1%          3
c - Petrify               Tmut/Erth      50%        N/A       3%          4
d - Brom's Barrelling Bo  Conj/Erth      71%        2d8       2%          4
e - Blink                 Tloc           92%        N/A       1%          2

Your spell library contained the following spells:

 Spells                   Type           Power      Damage    Failure   Level
 Passwall                 Tmut/Erth      41%        N/A       1%          2
 Gell's Gravitas          Tloc           46%        N/A       1%          3
 Teleport Other           Tloc           46%        N/A       1%          3
 Hailstorm                Conj/Ice       52%        3d12      3%          3
 Manifold Assault         Tloc           46%        N/A       5%          4
 Passage of Golubria      Tloc           46%        N/A       5%          4
 Ensorcelled Hibernation  Hex/Ice        22%        N/A       13%         2
 Jinxbite                 Hex            22%        N/A       13%         2
 Vhi's Electric Charge    Tloc/Air       58%        N/A       22%         4
 Arcjolt                  Conj/Air       26%        1d36      34%         5
 Anguish                  Hex/Necr       5%         N/A       63%         4
 Summon Ice Beast         Ice/Summ       11%        N/A       63%         4
 Dispersal                Tloc           23%        N/A       65%         6
 Silence                  Hex/Air        5%         N/A       93%         5
 Plasma Beam              Fire/Air       5%         2x1d16    100%        6
 Simulacrum               Ice/Necr       5%         N/A       100%        6
 Disjunction              Tloc           23%        N/A       100%        8
 Lehudib's Crystal Spear  Conj/Erth      35%        10d9      100%        8


Dungeon Overview and Level Annotations

Branches:
Dungeon (13/15)            Temple (1/1) D:4            Lair (0/5) D:9
    Orc (0/2) D:10
 Vaults: D:13-14

Altars:
Ashenzari
Cheibriados
Dithmenos
Elyvilon
Fedhas
Gozag
Hepliaklqana
Kikubaaqudgha
Makhleb
Nemelex Xobeh
Okawaru
Qazlal
Ru
Sif Muna
Uskayaw
Vehumet
Xom
Yredelemnul
Zin
The Shining One

Shops:
D:8 *?**   D:9 =


Message History

Found a dagger.
There is an open door here.
You see here a +0 dagger.
You open the door.
There is an open door here.
There is an open door here.
Found a stone staircase leading up.
A centaur warrior comes into view.
A centaur warrior is nearby!
Casting: Stone Arrow (safe; 1% risk of failure)
Confirm with . or Enter, or press ? or * to list all spells.
Aiming: Stone Arrow (safe; 1% risk of failure)
Press: ? - help, Shift-Dir - straight line, f - centaur warrior
Aim: a centaur warrior (asleep, ally target, 100% to hit)
You feel a surge of power!
The stone arrow hits the centaur warrior!
The centaur warrior is moderately wounded.
The centaur warrior shouts!
The centaur warrior wields a +0 shortbow.
The centaur warrior shoots an arrow.
The arrow hits you!!
Casting: Stone Arrow (safe; 1% risk of failure)
Confirm with . or Enter, or press ? or * to list all spells.
Aiming: Stone Arrow (safe; 1% risk of failure)
Press: ? - help, Shift-Dir - straight line, f/p - centaur warrior
Aim: a centaur warrior, wielding a +0 shortbow (moderately wounded, ally target, 84% to hit)
You feel a surge of power!
The stone arrow misses the centaur warrior.
The centaur warrior shoots an arrow.
The arrow hits you!!
* * * LOW HITPOINT WARNING * * *
Casting: Stone Arrow (safe; 1% risk of failure)
Confirm with . or Enter, or press ? or * to list all spells.
Aiming: Stone Arrow (safe; 1% risk of failure)
Press: ? - help, Shift-Dir - straight line, f/p - centaur warrior
Aim: a centaur warrior, wielding a +0 shortbow (moderately wounded, ally target, 84% to hit)
You feel a surge of power!
The stone arrow hits the centaur warrior!!
The centaur warrior is almost dead.
The centaur warrior shoots an arrow.
The arrow barely misses you.
The centaur warrior shoots an arrow.
The arrow hits you!!
You die...

#.........................
#.........................
#.........................
#.................<.......
################......###.
#......# #......# #......#
#@.....# .............#
......R......#
....c........+
.............#
.............<.
...............
...............


You could see the friendly Audrea the hexer and a centaur warrior (ally target).

Vanquished Creatures
  A hydra (D:9)
  A two-headed ogre (D:12)
  Nergalle (D:12)
  3 skeletal warriors (D:11)
  2 cyclopes (D:11)
  Maurice (D:8)
  2 ugly things
  A gargoyle (D:11)
  A kobold demonologist (D:12)
  An unseen horror (D:10)
  A komodo dragon (D:11)
  3 trolls
  2 hornets (D:8)
  Prince Ribbit (D:6)
  2 shadows
  4 wyverns
  12 yaks
  3 vampire mosquitoes
  2 steam dragons
  4 acid dragons
  A water moccasin (D:7)
  4 ice beasts
  A sky beast (D:8)
  2 black bears
  4 orc warriors
  3 ogres
  A centaur (D:7)
  4 kobold brigands
  2 bullfrogs
  A gnoll sergeant (D:7)
  4 scorpions
  20 wights
  11 killer bees
  6 howler monkeys
  3 hounds
  3 jellies
  2 gnoll boudas
  Crazy Yiuf (D:5)
  6 orc priests
  A sleepcap (D:3)
  6 iguanas
  14 orc wizards
  12 gnolls
  6 adders
  3 white imps
  4 worms
  A dart slug (D:4)
  37 orcs
  11 ball pythons
  4 bats
  6 endoplasms
  A giant cockroach (D:3)
  8 goblins
  9 hobgoblins
  4 jackals (D:1)
  26 kobolds
  5 quokkas
  3 frilled lizards
  3 rats
291 creatures vanquished.

Vanquished Creatures (collateral kills)
  Gastronok (D:8)
  A boulder beetle (D:11)
  A two-headed ogre (D:12)
  2 skeletal warriors (D:11)
  A kobold demonologist (D:12)
  6 yaks
  A vampire mosquito (D:12)
  An orc warrior (D:8)
  An ice beast (D:8)
  An ogre (D:5)
  A kobold brigand (D:7)
  4 wights
  A jelly (D:5)
  An orc wizard (D:9)
  3 gnolls (D:6)
  5 orcs
  5 kobolds
36 creatures vanquished.

Vanquished Creatures (others)
  A human (D:5)
  7 hexers
8 creatures vanquished.

Grand Total: 335 creatures vanquished

Notes
Turn   | Place    | Note
-------+----------+-------------------------------------------
     0 | D:1      | arthad the Deep Elf Earth Elementalist began the quest for
                  | the Orb.
     0 | D:1      | Reached XP level 1. HP: 10/10 MP: 6/6
    78 | D:1      | Reached XP level 2. HP: 15/15 MP: 4/8
   728 | D:2      | Found a faded altar of an unknown god.
   737 | D:2      | Reached XP level 3. HP: 19/19 MP: 7/10
  1312 | D:3      | Reached XP level 4. HP: 14/24 MP: 7/11
  1999 | D:3      | Found Turool's Antique Armour Shop.
  2133 | D:4      | Noticed a black bear
  2244 | D:3      | Reached XP level 5. HP: 7/28 MP: 8/13
  2400 | D:4      | Killed a black bear
  2401 | D:4      | Reached XP level 6. HP: 24/32 MP: 9/15
  2779 | D:4      | Reached skill level 5 in Spellcasting
  2838 | D:4      | HP: 1/32 [gnoll bouda/+0 whip (6)]
  2940 | D:4      | Reached XP level 7. HP: 36/36 MP: 14/16
  3030 | D:4      | Reached skill level 5 in Stealth
  3030 | D:4      | Reached skill level 5 in Earth Magic
  3034 | D:4      | Learned a level 3 spell: Stone Arrow
  3039 | D:4      | Learned a level 4 spell: Petrify
  3044 | D:4      | Learned a level 4 spell: Brom's Barrelling Boulder
  3211 | D:4      | Reached skill level 1 in Conjurations
  3227 | D:4      | Identified the +3 long sword "arthad's Curse" {heavy, Will+
                  | Stlth+}
  3357 | D:4      | Found a staircase to the Ecumenical Temple.
  3376 | Temple   | Entered the Ecumenical Temple
  3395 | Temple   | Became a worshipper of Hepliaklqana the Forgotten
  3644 | D:5      | Entered Level 5 of the Dungeon
  3664 | D:5      | Reached skill level 5 in Dodging
  3749 | D:5      | Reached * piety under Hepliaklqana
  3787 | D:5      | Found a radiant altar of Vehumet.
  3806 | D:5      | Found an opulent altar of Gozag.
  3806 | D:5      | Found a glowing golden altar of the Shining One.
  4059 | D:5      | Reached XP level 8. HP: 34/36 MP: 9/19
  4322 | D:5      | Found a runed translucent door.
  4323 | D:5      | Noticed Crazy Yiuf
  4461 | D:5      | Found an ancient bone altar of Kikubaaqudgha.
  4524 | D:5      | Killed Crazy Yiuf
  5081 | D:6      | Found a stormy altar of Qazlal.
  5127 | D:6      | Reached skill level 1 in Invocations
  5169 | D:6      | Reached skill level 1 in Shields
  5405 | D:6      | Reached skill level 5 in Transmutations
  5685 | D:6      | Reached XP level 9. HP: 40/40 MP: 21/21
  5722 | D:6      | Noticed Prince Ribbit
  5731 | D:6      | Killed Prince Ribbit
  6143 | D:7      | Found a glowing silver altar of Zin.
  6276 | D:7      | Reached skill level 5 in Conjurations
  6728 | D:7      | You fall into a shaft and drop 3 floors!
  6728 | D:10     | Entered Level 10 of the Dungeon
  6728 | D:10     | Reached ** piety under Hepliaklqana
  6838 | D:10     | Noticed a troll
  7023 | D:9      | Found a broken altar of Ashenzari.
  7027 | D:9      | Learned a level 2 spell: Blink
  7028 | D:9      | Remembered your ancestor Audrea as a hexer
  7093 | D:8      | Reached skill level 1 in Translocations
  7241 | D:8      | Reached XP level 10. HP: 45/45 MP: 23/23
  7710 | D:8      | Noticed Gastronok
  7719 | D:8      | Killed Gastronok
  7720 | D:8      | Reached skill level 1 in Fighting
  7720 | D:8      | Reached skill level 1 in Armour
  7720 | D:8      | Reached skill level 5 in Invocations
  8009 | D:8      | Found Woxo Qye's Assorted Antiques.
  8017 | D:8      | Bought a scroll labelled CEIMEOGUNAA for 28 gold pieces
  8017 | D:8      | Bought a scroll labelled KIRUMN MYGHI for 28 gold pieces
  8017 | D:8      | Bought a scroll labelled CEIMEOGUNAA for 28 gold pieces
  8017 | D:8      | Bought a scroll labelled PUQEX GEENG for 28 gold pieces
  8017 | D:8      | Bought a blackened dagger for 196 gold pieces
  8017 | D:8      | Identified the +8 dagger "Saweatruf" {flame, rPois MP+9
                  | Str+4} (You bought it in a shop on level 8 of the Dungeon)
  8020 | D:8      | Noticed Maurice
  8024 | D:8      | Killed Maurice
  8079 | D:8      | Found Vool's Assorted Antiques.
  8088 | D:8      | Bought a scroll labelled KIRUMN MYGHI for 25 gold pieces
  8088 | D:8      | Bought a scroll labelled ONLIXOS RUIHITZ for 25 gold pieces
  8088 | D:8      | Bought a scroll labelled KIRUMN MYGHI for 25 gold pieces
  8088 | D:8      | Bought a scroll labelled LOYFIM ONUQ for 25 gold pieces
  8088 | D:8      | Bought a scroll labelled CEIMEOGUNAA for 25 gold pieces
  8323 | D:7      | Found a white marble altar of Elyvilon.
  8482 | D:8      | Found Fitticiu's Magic Scroll Boutique.
  8622 | D:8      | Found Zynko's Assorted Antiques.
  8630 | D:8      | Bought a scroll labelled LOYFIM ONUQ for 26 gold pieces
  8649 | D:8      | Reached *** piety under Hepliaklqana
  9324 | D:9      | Noticed an eight-headed hydra
  9330 | D:9      | Killed an eight-headed hydra
  9331 | D:9      | Reached XP level 11. HP: 51/51 MP: 19/25
  9393 | D:9      | Noticed a boulder beetle
  9395 | D:9      | Noticed a brown ugly thing
  9649 | D:9      | Killed a brown ugly thing
  9823 | D:9      | Found Zaptim's Jewellery Emporium.
  9919 | D:9      | Found a staircase to the Lair.
 10254 | D:10     | Found a staircase to the Orcish Mines.
 11092 | D:10     | Reached skill level 5 in Shields
 11518 | D:11     | Noticed a skeletal warrior
 11518 | D:11     | Noticed a skeletal warrior
 11519 | D:11     | Noticed a skeletal warrior
 11601 | D:11     | Identified the +1 broad axe of a Thousand Shrikes {heavy,
                  | Will+ Str+3}
 11684 | D:11     | Noticed a white ugly thing
 11689 | D:11     | Killed a white ugly thing
 11692 | D:11     | Reached skill level 5 in Translocations
 12082 | D:11     | Reached **** piety under Hepliaklqana
 12085 | D:11     | Noticed a skeletal warrior
 12093 | D:11     | Killed a skeletal warrior
 12151 | D:11     | Noticed a skeletal warrior
 12156 | D:11     | Killed a skeletal warrior
 12191 | D:11     | Killed a skeletal warrior
 12370 | D:11     | Noticed a boulder beetle
 12389 | D:11     | Killed a boulder beetle
 12390 | D:11     | Reached XP level 12. HP: 57/57 MP: 22/26
 12923 | D:12     | Noticed a two-headed ogre
 13221 | D:12     | Killed a two-headed ogre
 13632 | D:12     | Identified the +1 pair of gloves of Makhleb's Whim {rElec
                  | rN+}
 13634 | D:12     | Noticed Nergalle
 13641 | D:12     | Killed Nergalle
 13860 | D:12     | Noticed a two-headed ogre
 13866 | D:12     | Killed a two-headed ogre
 14273 | D:13     | Identified the "Daneaxka"
 14342 | D:13     | Noticed a centaur warrior
 14346 | D:13     | Shot with an arrow by a centaur warrior

Illustrated notes

Levels and vault maps discovered:
D:1:      dpeg_arrival_arbitrary_b, layout_loops_ring
D:2:      layout_rooms, nicolae_ecumenical_pavilion
D:3:      layout_loops_ring, serial_shops, shop
D:4:      minmay_chambers_of_threes, layout_basic, minmay_temple_entry_tees
D:5:      layout_cave_pools, nicolae_overflow_hidden_temple, tgw_kikubaaqudgha,
          uniq_crazy_yiuf_cottage
D:6:      layout_loops_ring, nicolae_qazlal_general_emergency,
          grunt_decor_fettered, solitary_fountain, uniq_prince_ribbit1
D:7:      layout_cave_pools, zin_academy, mainiacjoe_overflow_tiny_flanked
D:8:      corexii_shack_village, layout_basic, serial_shops, shop,
          nicolae_lakefront_shop, shop, nicolae_shop_rolled_up, minmay_bent,
          uniq_maurice, uniq_gastronok
D:9:      layout_rooms, ashenzari_altar_1, lair_entry_dummy, serial_shops,
          kennysheep_mini_moat, grunt_ministairs_6, chequers_arboretum,
          kb_rosetta
D:10:     layout_gridville, orc_0_dummy
D:11:     layout_loops_ring, minmay_diced_spiral
D:12:     layout_irregular_city, uniq_nergalle
D:13:     layout_gridville, ximxim_vaults_locker_room, uniq_snorg
Temple:   nicolae_temple_ecumenical_triangle

Skill      XL: |  1  2  3  4  5  6  7  8  9 10 11 12 |
---------------+-------------------------------------+-----
Stealth        | 3 4 5 6 7 8 |  8.9
Dodging        | 3 4 5 6 7 8 |  8.4
Transmutations | 2 3 4 5 6 7 |  7.1
Spellcasting   | 4 5 6 7 8 9 |  9.2
Earth Magic    | 4 5 6 7 |  7.9
Conjurations   | 2 4 5 7 8 9 |  9.0
Invocations    | 2 4 5 7 8 |  8.1
Shields        | 1 3 4 5 |  5.0
Translocations | 1 3 5 6 |  6.5
Fighting       | 1 2 3 |  3.4
Armour         | 1 2 3 |  3.4

Action                     |  1- 3 |  4- 6 |  7- 9 | 10-12 || total
---------------------------+-------+-------+-------+-------++-------
  Melee: Short sword       |    11 |     1 |       |       ||    12
         Long sword        |       |       |     1 |       ||     1
         Staff             |       |       |       |     1 ||     1
  Throw: Dart              |       |       |       |     1 ||     1
   Cast: Sandblast         |    43 |    73 |    46 |    10 ||   172
         Stone Arrow       |       |       |   108 |   279 ||   387
         Petrify           |       |       |     4 |     5 ||     9
         Blink             |       |       |       |     1 ||     1
 Invoke: Ancestor Identity |       |       |     1 |       ||     1
         Recall Ancestor   |       |       |     1 |       ||     1
         Ancestor Life: He |       |       |     1 |       ||     1
    Use: Potion            |     4 |     1 |     4 |       ||     9
         Scroll            |       |       |     2 |    14 ||    16
 Armour: Robe              |    24 |    22 |    22 |    22 ||    90
         Skin              |       |       |    12 |       ||    12
  Dodge: Dodged            |     7 |    23 |    22 |    28 ||    80
  Block: Buckler           |       |       |     1 |     9 ||    10

Table legend: (Time is in decaauts)
 A = Elapsed time spent in this place.
 B = Non-inter-level travel time spent in this place.
 C = Inter-level travel time spent in this place.
 D = Time resting spent in this place.
 E = Time spent auto-exploring this place.
 F = Levels seen in this place.
 G = Mean time per level.
                   A        B        C        D        E       F      G
               +--------+--------+--------+--------+--------+-----+--------+
         Total |  14443 |  13845 |    598 |    337 |  11565 |  14 | 1031.6 |
       Dungeon |  14415 |  13817 |    598 |    337 |  11565 |  13 | 1108.8 |
        Temple |     28 |     28 |      0 |      0 |      0 |   1 |   28.0 |
               +--------+--------+--------+--------+--------+-----+--------+

Top non-repeatable levels by time:
     D:8: 1646 daAuts
    D:11: 1644 daAuts
    D:10: 1572 daAuts
     D:6: 1362 daAuts
     D:4: 1341 daAuts
    D:12: 1298 daAuts
     D:3: 1108 daAuts
     D:7: 1097 daAuts
     D:9: 1062 daAuts
     D:5: 979 daAuts
     D:1: 739 daAuts
     D:2: 490 daAuts
    D:13: 72 daAuts
  Temple: 28 daAuts
